RES
CARINGBAH ACES @ ERSKINEVILLE PIRATES
06/22/2022
 
TOP OF THE 1ST
Caringbah Aces batting - Pitching for Erskineville Pirates : LHP Bobbie Quarles
Pitching: LHP Bobbie Quarles
Batting: SHB Jess Herbert 0-0: Fly out, F8 (Line Drive, 78M, EV 104.4 MPH)
Batting: LHB Steve Kinghorn 0-0: Called Strike
0-1: Ground out 4-3 (Groundball, 34, EV 103.1 MPH)
Batting: RHB Toby Bailey 0-0: Called Strike
0-1: Swinging Strike
0-2: Ball
1-2: Foul Ball, location: 2F
1-2: Strikes out swinging
Top of the 1st over - 0 runs, 0 hits, 0 errors, 0 left on base; Caringbah 0 - Erskineville 0
BOTTOM OF THE 1ST
Erskineville Pirates batting - Pitching for Caringbah Aces : RHP Larry Stranaghan
Pitching: RHP Larry Stranaghan
Batting: LHB Walt Rogers 0-0: Ball
1-0: Foul Ball, location: 9LSF
1-1: Foul Ball, location: 5SF
1-2: Ground out 6-3 (Groundball, 6, EV 103.8 MPH)
Batting: RHB Orval Cash 0-0: Called Strike
0-1: Ball
1-1: SINGLE (Groundball, 56, EV 106.9 MPH)
Batting: LHB Tristen Anslow 0-0: Called Strike
0-1: Foul Ball, location: 2F
0-2: Ball
1-2: SINGLE (Line Drive, 7S, EV 98.8 MPH)
Orval Cash to second
Batting: RHB Trent Palfrey 0-0: Ball
1-0: SINGLE (Groundball, 5D, EV 95.6 MPH)
Orval Cash to third
Tristen Anslow to second
Batting: RHB Jair Durtnell 0-0: Called Strike
0-1: Foul Ball, location: 2F
0-2: Fly out, F8 (Flyball, 8RM, EV 91.3 MPH)
Batting: LHB Calum Clow 0-0: Ball
1-0: Foul Ball, location: 5DF
1-1: Ball
2-1: DOUBLE (Flyball, 78D, EV 96.3 MPH)
Orval Cash scores
Tristen Anslow scores
Trent Palfrey to third
Batting: RHB Bernard Theyer 0-0: Ball
1-0: Foul Ball, location: 2F
1-1: Ground out 5-3 (Groundball, 5L, EV 90.0 MPH)
Bottom of the 1st over - 2 runs, 4 hits, 0 errors, 2 left on base; Caringbah 0 - Erskineville 2
TOP OF THE 2ND
Caringbah Aces batting - Pitching for Erskineville Pirates : LHP Bobbie Quarles
Batting: LHB Carmen Sims 0-0: Ball
1-0: Called Strike
1-1: Swinging Strike
1-2: Ball
2-2: Strikes out swinging
Batting: RHB O.P. Coggan 0-0: Called Strike
0-1: Ball
1-1: SOLO HOME RUN (Flyball, 7D, EV 94.4 MPH), Distance : 357 ft
Batting: RHB Michael Draycott 0-0: Called Strike
0-1: Called Strike
0-2: Ball
1-2: Ball
2-2: Ball
3-2: Base on Balls
Batting: RHB Chris Roarty 0-0: Fielders Choice at 2nd, 6-4 (Groundball, 6, EV 88.8 MPH)
Batting: SHB Danny Sandbach 0-0: Called Strike
0-1: Swinging Strike
0-2: Strikes out looking
Top of the 2nd over - 1 run, 1 hit, 0 errors, 1 left on base; Caringbah 1 - Erskineville 2
BOTTOM OF THE 2ND
Erskineville Pirates batting - Pitching for Caringbah Aces : RHP Larry Stranaghan
Batting: LHB Ricky Turner 0-0: Foul Ball, location: 25F
0-1: Ball
1-1: Swinging Strike
1-2: Foul Ball, location: 23FF
1-2: Ball
2-2: Ball
3-2: Ground out 6-3 (Groundball, 6, EV 100.0 MPH)
Batting: RHB William Fowles 0-0: Swinging Strike
0-1: Ball
1-1: Called Strike
1-2: Strikes out swinging
Batting: LHB Walt Rogers 0-0: Ball
1-0: Fly out, F9 (Line Drive, 9, EV 103.8 MPH)
Bottom of the 2nd over - 0 runs, 0 hits, 0 errors, 0 left on base; Caringbah 1 - Erskineville 2
TOP OF THE 3RD
Caringbah Aces batting - Pitching for Erskineville Pirates : LHP Bobbie Quarles
Batting: RHB Farris Pluckrose 0-0: Fly out, F8 (Flyball, 8LXD, EV 83.8 MPH)
Batting: SHB Jess Herbert 0-0: Ground out 5-3 (Groundball, 5S, EV 87.5 MPH)
Batting: LHB Steve Kinghorn 0-0: Foul Ball, location: 2F
0-1: Ground out 4-3 (Groundball, 34, EV 81.3 MPH)
Top of the 3rd over - 0 runs, 0 hits, 0 errors, 0 left on base; Caringbah 1 - Erskineville 2
BOTTOM OF THE 3RD
Erskineville Pirates batting - Pitching for Caringbah Aces : RHP Larry Stranaghan
Batting: RHB Orval Cash 0-0: Bunted foul
0-1: Foul Ball, location: 2F
0-2: Ball
1-2: Foul Ball, location: 2F
1-2: Ground out 1-3 (Groundball, 34S, EV 71.9 MPH)
Batting: LHB Tristen Anslow 0-0: Ball
1-0: Swinging Strike
1-1: Ball
2-1: Foul Ball, location: 9LSF
2-2: Hit by Pitch
Batting: RHB Trent Palfrey 0-0: Ball
1-0: Called Strike
1-1: Foul Ball, location: 2F
1-2: 2-RUN HOME RUN (Flyball, 7LD, EV 96.3 MPH), Distance : 376 ft
Batting: RHB Jair Durtnell 0-0: Ground out 6-3 (Groundball, 6, EV 86.9 MPH)
Batting: LHB Calum Clow 0-0: Ball
1-0: Fly out, F5 (Popup, 5F, EV 76.9 MPH)
Bottom of the 3rd over - 2 runs, 1 hit, 0 errors, 0 left on base; Caringbah 1 - Erskineville 4
TOP OF THE 4TH
Caringbah Aces batting - Pitching for Erskineville Pirates : LHP Bobbie Quarles
Batting: RHB Toby Bailey 0-0: Ball
1-0: Called Strike
1-1: SINGLE (Groundball, 56D, EV 106.9 MPH)
Batting: LHB Carmen Sims 0-0: Ball
1-0: Called Strike
1-1: Swinging Strike
1-2: Strikes out swinging
Batting: RHB O.P. Coggan 0-0: DOUBLE (Line Drive, 9LM, EV 93.1 MPH)
Toby Bailey to third
Batting: RHB Michael Draycott 0-0: Foul Ball, location: 2F
0-1: Ball
1-1: Ground out U3 (Groundball, 34, EV 83.8 MPH)
Toby Bailey scores
O.P. Coggan to third
Batting: RHB Chris Roarty 0-0: Called Strike
0-1: Ball
1-1: Foul Ball, location: 7LDF
1-2: Foul Ball, location: 25F
1-2: Strikes out swinging
Top of the 4th over - 1 run, 2 hits, 0 errors, 1 left on base; Caringbah 2 - Erskineville 4
BOTTOM OF THE 4TH
Erskineville Pirates batting - Pitching for Caringbah Aces : RHP Larry Stranaghan
Batting: RHB Bernard Theyer 0-0: Ball
1-0: Called Strike
1-1: Ball
2-1: Ball
3-1: Base on Balls
Batting: LHB Ricky Turner 0-0: Ball
1-0: Foul Ball, location: 3F
1-1: Ball
2-1: Called Strike
2-2: Grounds into double play, 5-4-3 (Groundball, 5, EV 78.8 MPH)
Batting: RHB William Fowles 0-0: Called Strike
0-1: Fly out, F2 (Popup, 2RF, EV 86.3 MPH)
Bottom of the 4th over - 0 runs, 0 hits, 0 errors, 0 left on base; Caringbah 2 - Erskineville 4
TOP OF THE 5TH
Caringbah Aces batting - Pitching for Erskineville Pirates : LHP Bobbie Quarles
Batting: SHB Danny Sandbach 0-0: Called Strike
0-1: Ball
1-1: Ball
2-1: Foul Ball, location: 2F
2-2: Fly out, F4 (Popup, 4, EV 57.5 MPH)
Batting: RHB Farris Pluckrose 0-0: Ball
1-0: Ball
2-0: Ball
3-0: Called Strike
3-1: Base on Balls
Batting: SHB Jess Herbert 0-0: Ball
1-0: Foul Ball, location: 2F
1-1: Ball
2-1: Ball
3-1: Fielders Choice at 2nd, 4-6 (Groundball, 4M, EV 77.5 MPH)
Batting: LHB Steve Kinghorn 0-0: Called Strike
0-1: Called Strike
0-2: Strikes out swinging
Top of the 5th over - 0 runs, 0 hits, 0 errors, 1 left on base; Caringbah 2 - Erskineville 4
BOTTOM OF THE 5TH
Erskineville Pirates batting - Pitching for Caringbah Aces : RHP Larry Stranaghan
Batting: LHB Walt Rogers 0-0: SOLO HOME RUN (Flyball, 7LD, EV 91.9 MPH), Distance : 350 ft
Pitching: RHP Chris Bryce
Batting: RHB Orval Cash 0-0: Ball
1-0: Foul Ball, location: 9LSF
1-1: TRIPLE (Flyball, 9D, EV 92.5 MPH)
Batting: LHB Tristen Anslow 0-0: Called Strike
0-1: Ball
1-1: Called Strike
1-2: Ball
2-2: SINGLE (Line Drive, 6M, EV 97.5 MPH)
Orval Cash scores
Batting: RHB Trent Palfrey 0-0: Called Strike
0-1: SINGLE (Line Drive, 4MD, EV 105.0 MPH)
Tristen Anslow to second
Batting: RHB Jair Durtnell 0-0: Called Strike
0-1: Fly out, F9 (Flyball, 9, EV 96.9 MPH)
Batting: LHB Calum Clow 0-0: Ball
1-0: Swinging Strike
1-1: Ball
2-1: DOUBLE (Line Drive, 9LM, EV 105.0 MPH)
Tristen Anslow scores
Trent Palfrey to third
Batting: RHB Bernard Theyer 0-0: Ball
1-0: TRIPLE (Flyball, 89XD, EV 110.0 MPH)
Trent Palfrey scores
Calum Clow scores
Pitching: RHP Kason Willis
Batting: LHB Ricky Turner 0-0: TRIPLE (Line Drive, 9LD, EV 105.0 MPH)
Bernard Theyer scores
Batting: RHB William Fowles 0-0: Called Strike
0-1: Foul Ball, location: 2F
0-2: Ball
1-2: Strikes out swinging
Batting: LHB Walt Rogers 0-0: Foul Ball, location: 25F
0-1: Called Strike
0-2: SINGLE (Line Drive, 34, EV 104.4 MPH)
Ricky Turner scores
Batting: RHB Orval Cash 0-0: Called Strike
0-1: Ball
1-1: Fly out, F9 (Flyball, 9LM, EV 101.9 MPH)
Bottom of the 5th over - 7 runs, 8 hits, 0 errors, 1 left on base; Caringbah 2 - Erskineville 11
TOP OF THE 6TH
Caringbah Aces batting - Pitching for Erskineville Pirates : LHP Bobbie Quarles
Batting: RHB Toby Bailey 0-0: Called Strike
0-1: Ball
1-1: Ground out 4-3 (Groundball, 4, EV 89.4 MPH)
Batting: LHB Carmen Sims 0-0: Fly out, F9 (Flyball, 9S, EV 93.8 MPH)
Batting: RHB O.P. Coggan 0-0: Ball
1-0: Ground out 5-3 (Groundball, 56S, EV 88.8 MPH)
Top of the 6th over - 0 runs, 0 hits, 0 errors, 0 left on base; Caringbah 2 - Erskineville 11
BOTTOM OF THE 6TH
Erskineville Pirates batting - Pitching for Caringbah Aces : RHP Kason Willis
Batting: LHB Tristen Anslow 0-0: Foul Ball, location: 2F
0-1: Ball
1-1: Ball
2-1: Foul Ball, location: 3FF
2-2: Ball
3-2: Foul Ball, location: 2F
3-2: SINGLE (Line Drive, 6D, EV 97.5 MPH)
Batting: RHB Trent Palfrey 0-0: Ball
1-0: 2-RUN HOME RUN (Flyball, 78XD, EV 101.3 MPH), Distance : 400 ft
Batting: RHB Jair Durtnell 0-0: Ball
1-0: Fly out, F8 (Line Drive, 8RD, EV 89.4 MPH)
Batting: LHB Calum Clow 0-0: Ball
1-0: Ball
2-0: Ball
3-0: Base on Balls
Batting: RHB Bernard Theyer 0-0: Ball
1-0: SINGLE (Groundball, 6MD, EV 97.5 MPH)
Calum Clow to second
Batting: LHB Ricky Turner 0-0: Ball
1-0: Grounds into double play, 6-4-3 (Groundball, 6, EV 83.8 MPH)
Bottom of the 6th over - 2 runs, 3 hits, 0 errors, 1 left on base; Caringbah 2 - Erskineville 13
TOP OF THE 7TH
Caringbah Aces batting - Pitching for Erskineville Pirates : LHP Bobbie Quarles
Batting: RHB Michael Draycott 0-0: Swinging Strike
0-1: Ball
1-1: Swinging Strike
1-2: Fly out, F8 (Flyball, 8LD, EV 98.1 MPH)
Batting: RHB Chris Roarty 0-0: SOLO HOME RUN (Flyball, 7D, EV 96.3 MPH), Distance : 375 ft
Batting: SHB Danny Sandbach 0-0: Ground out 1-3 (Groundball, 15S, EV 70.0 MPH)
Batting: RHB Farris Pluckrose 0-0: Foul Ball, location: 3SF
0-1: Swinging Strike
0-2: Strikes out looking
Top of the 7th over - 1 run, 1 hit, 0 errors, 0 left on base; Caringbah 3 - Erskineville 13
BOTTOM OF THE 7TH
Erskineville Pirates batting - Pitching for Caringbah Aces : RHP Kason Willis
Batting: RHB William Fowles 0-0: Foul Ball, location: 2F
0-1: Ball
1-1: Ball
2-1: Fly out, F9 (Flyball, 9S, EV 81.9 MPH)
Pinch Hitting: LHB Paul Crowhurst 0-0: Swinging Strike
0-1: Called Strike
0-2: Strikes out looking
Pinch Hitting: RHB Easton Philip 0-0: Ball
1-0: Foul Ball, location: 23FF
1-1: Foul Ball, location: 2F
1-2: Ball
2-2: Ball
3-2: Strikes out swinging
Bottom of the 7th over - 0 runs, 0 hits, 0 errors, 0 left on base; Caringbah 3 - Erskineville 13
TOP OF THE 8TH
Caringbah Aces batting - Pitching for Erskineville Pirates : LHP Bobbie Quarles
Now in LF: Paul Crowhurst
Now in CF: Darren Fairburn
Pinch Hitting: LHB Jeff Throsby 0-0: Foul Ball, location: 25F
0-1: Fly out, F5 (Popup, 56S, EV 85.6 MPH)
Batting: LHB Steve Kinghorn 0-0: Foul Ball, location: 25F
0-1: Called Strike
0-2: Fly out, F6 (Popup, 6MS, EV 75.0 MPH)
Batting: RHB Toby Bailey 0-0: Ball
1-0: Ground out U3 (Groundball, 23, EV 83.1 MPH)
Top of the 8th over - 0 runs, 0 hits, 0 errors, 0 left on base; Caringbah 3 - Erskineville 13
BOTTOM OF THE 8TH
Erskineville Pirates batting - Pitching for Caringbah Aces : RHP Kason Willis
Now in LF: Toby Bailey
Now in RF: Jeff Throsby
Batting: LHB Tristen Anslow 0-0: Ball
1-0: Called Strike
1-1: Fly out, F8 (Flyball, 8LS, EV 87.5 MPH)
Pinch Hitting: LHB Kade Tregear 0-0: Called Strike
0-1: Swinging Strike
0-2: Ball
1-2: Ground out 5-3 (Groundball, 56S, EV 80.6 MPH)
Pinch Hitting: RHB Jordon Banham 0-0: Ball
1-0: Called Strike
1-1: Swinging Strike
1-2: Ball
2-2: Strikes out swinging
Bottom of the 8th over - 0 runs, 0 hits, 0 errors, 0 left on base; Caringbah 3 - Erskineville 13
TOP OF THE 9TH
Caringbah Aces batting - Pitching for Erskineville Pirates : LHP Bobbie Quarles
Now at 1B: Jonathan Arscott
Now at 2B: Kade Tregear
Batting: LHB Carmen Sims 0-0: Fly out, F8 (Flyball, 8RXD, EV 90.6 MPH)
Batting: RHB O.P. Coggan 0-0: Ball
1-0: Ball
2-0: Swinging Strike
2-1: Swinging Strike
2-2: Strikes out looking
Batting: RHB Michael Draycott 0-0: Ball
1-0: Ball
2-0: Ball
3-0: Base on Balls
Pitching: LHP Sam Harper
Batting: RHB Chris Roarty 0-0: Called Strike
0-1: Ball
1-1: Foul Ball, location: 2F
1-2: Fly out, F7 (Flyball, 7, EV 97.5 MPH)
Top of the 9th over - 0 runs, 0 hits, 0 errors, 1 left on base; Caringbah 3 - Erskineville 13
Monday, May 6th , 2024 - OOTP Baseball 24.9 Build 80